 Dungeon Sprint DCSS version 0.18-a0-316-gf882de5 (webtiles) character file.

38394 Kidiri the Unseen (level 12, -11/63 HPs)
             Began as a Spriggan Enchanter on Nov 27, 2015.
             Was the Champion of Dithmenos.
             Mangled by an alligator snapping turtle (42 damage)
             ... in the Dungeon (Sprint III: "The Ten Rune Challenge").
             The game lasted 00:22:45 (4701 turns).

Kidiri the Unseen (Spriggan Enchanter)              Turns: 4701, Time: 00:22:45

Health: -11/63     AC:  5    Str:  4    XL:     12   Next: 89%
Magic:  27/32      EV: 34    Int: 19    God:    Dithmenos [******]
Gold:   15         SH:  0    Dex: 19    Spells: 9 memorised, 17 levels left

rFire  . . .     SeeInvis +     n - +0 short sword
rCold  . . .     Clarity  +     f - +2 robe {MR+}
rNeg   . . .     SustAt   .     (shield restricted)
rPois  .         Gourm    .     (helmet restricted)
rElec  .         Spirit   .     (no cloak)
rCorr  .         Warding  .     (gloves unavailable)
rMut   .         NoTele   +     (boots unavailable)
MR     +++..                    (no amulet)
Stlth  ++++++++++               (no ring)
                                (no ring)

@: wreathed by umbra, repel missiles, very quick, extremely resistant to hostile
enchantments, uncannily stealthy
A: unfitting armour, hooves 1, see invisible, berserk 1, clarity, herbivore 3,
speed 3, shaggy fur 1, slow metabolism 2, spit poison 1
a: Spit Poison, Shadow Step, Shadow Form, Renounce Religion
}: 1/10 runes: decaying


You were in the Dungeon.
You worshipped Dithmenos.
Dithmenos was exalted by your worship.
You were not hungry.

You visited 1 branch You collected 15 gold pieces.

Inventory:

Hand Weapons
 n - a +0 short sword (weapon)
Missiles
 k - 3 exploding tomahawks (quivered)
Armour
 a - a fire dragon hide
 f - a +2 robe of magic resistance (worn)
Wands
 t - a wand of digging (11)
Scrolls
 m - a scroll of holy word
 q - a scroll of torment
 r - a scroll of remove curse
Potions
 c - a potion of might
 e - 2 potions of curing
 g - 2 potions of haste
 h - 3 potions of magic
 o - 2 potions of cure mutation
 p - 4 potions of flight
Comestibles
 l - 29 royal jellies
 s - 8 fruits


   Skills:
 + Level 7.6 Fighting
 * Level 14.0 Short Blades
 + Level 6.9 Armour
 * Level 17.5 Dodging
 * Level 19.0 Stealth
 * Level 15.2 Spellcasting
 + Level 6.9 Conjurations
 + Level 11.4 Hexes
 + Level 11.4 Charms
 + Level 7.4 Ice Magic
 + Level 7.5 Air Magic
 - Level 2.0 Invocations


You had 17 spell levels left.
You knew the following spells:

 Your Spells              Type           Power        Failure   Level  Hunger
a - Corona                Hex            ######.      1%          1    None
b - Ensorcelled Hibernat  Hex/Ice        ######       1%          2    None
c - Confuse               Hex            ######..     1%          3    None
d - Tukima's Dance        Hex            ######..     1%          3    None
e - Dazzling Spray        Conj/Hex       #####...     1%          3    None
f - Repel Missiles        Chrm/Air       ######       1%          2    None
g - Swiftness             Chrm/Air       ######..     1%          2    None
h - Static Discharge      Conj/Air       #####...     1%          3    None
i - Lightning Bolt        Conj/Air       #####.....   8%          5    ###....


Dungeon Overview and Level Annotations

Branches:
Dungeon (1/1)

Altars:
Cheibriados
Dithmenos
Elyvilon
Fedhas
Gozag
Kikubaaqudgha
Makhleb
Nemelex Xobeh
Okawaru
Qazlal
Ru
Sif Muna
Trog
Vehumet
Xom
Yredelemnul
Zin
The Shining One
Jiyva
Lugonu

Shops:
D ?(==?(


Innate Abilities, Weirdness & Mutations

You are tiny and cannot use many weapons and most armour.
You have supernaturally acute eyesight.
You are a herbivore.
You cover ground extremely quickly.
You need consume almost no food.
You have large cloven feet.
You tend to lose your temper in combat.
You possess an exceptional clarity of mind.
You are covered in fur (AC +1).
You can spit weak poison.


Message History

Your shadow mimicks your spell!
The alligator snapping turtle resists with almost no effort.
Casting: Ensorcelled Hibernation
Confirm with . or Enter, or press ? or * to list all spells.
Aiming: Ensorcelled Hibernation
Press: ? - help, Shift-Dir - straight line, f/p - alligator snapping turtle
Aim: an alligator snapping turtle (umbra, chance to defeat MR: 37%)
The alligator snapping turtle easily resists.
Casting: Ensorcelled Hibernation
Confirm with . or Enter, or press ? or * to list all spells.
Aiming: Ensorcelled Hibernation
Press: ? - help, Shift-Dir - straight line, f/p - alligator snapping turtle
Aim: an alligator snapping turtle (umbra, chance to defeat MR: 37%)
The alligator snapping turtle easily resists.
The alligator snapping turtle bites you from afar!!
Ouch! That really hurt!
You emit a cloud of dark smoke.
The alligator snapping turtle bites you from afar!!!
Ouch! That really hurt!
You die...

#≈≈≈†§§≈.≈≈'...%%#.≈♣♣♣♣♣♣
#≈§§§§§≈≈.♣♣♣♣♣♣♣#..♣♣
#≈§≈§§≈≈≈†♣ ###+♣♣♣♣♣
#+####'#######♣ ♣♣♣♣.##.)#
...........)...♣♣
♣...##.##[
#+#############+♣
♣♣.##.##.# #≈.......÷...♣
♣..#.##..
.+≈≈...########♣♣
♣♣.##.##.
J.#≈≈≈.....@§§§§.♣
♣♣.##.###
J.#≈≈≈≈....§§§§..♣
♣.....##.
###########t#############+
▓..........P.▓#.
▓≈≈.......P≈≈▓#♣
▓≈≈≈PP...P≈≈≈▓ ♣
▓≈≈≈≈≈..≈≈≈≈≈▓ ♣
▓≈≈≈≈≈≈≈≈≈≈≈≈▓ ♣
▓≈≈≈≈≈≈≈≈t≈≈≈▓ ♣


You could see an alligator snapping turtle.

Vanquished Creatures
  Xtahua (D)
  Rupert (D)
  A kraken (D)
  2 fire dragons (D)
  Josephine (D)
  3 hydras (D)
  4 death yaks (D)
  A centaur warrior (D)
  A death drake (D)
  A spriggan druid (D)
  A lindwurm (D)
  An unseen horror (D)
  2 spiny frogs (D)
  2 black mambas (D)
  A queen bee (D)
  A komodo dragon (D)
  3 wandering mushrooms (D)
  3 fire drakes (D)
  2 giant leeches (D)
  A snapping turtle (D)
  3 redbacks (D)
  A shadow (D)
  8 blink frogs (D)
  2 spriggans (D)
  A spatial vortex (D)
  A swamp drake (D)
  A necrophage (D)
  2 centaurs (D)
  An earth elemental (D)
  A water elemental (D)
  An electric eel (D)
  32 killer bees (D)
  A jelly (D)
  Jessica (D)
  A wizard (D)
  A necromancer (D)
  3 humans (D)
  A kobold demonologist (D)
  An ooze (D)
  A phantom (D)
  2 rats (D)
99 creatures vanquished.

Vanquished Creatures (collateral kills)
  Maud (D)
  A deep elf priest (D)
2 creatures vanquished.

Vanquished Creatures (others)
  2 draconian scorchers (D)
  2 yaktaurs (D)
  2 fungi (D)
  10 plants (D)
  12 tentacles (D)
  234 tentacle segments (D)
262 creatures vanquished.

Grand Total: 363 creatures vanquished

Notes
Turn   | Place    | Note
--------------------------------------------------------------
     0 | D        | Kidiri the Spriggan Enchanter began the quest for the Orb.
     0 | D        | Reached XP level 1. HP: 9/9 MP: 5/5
    24 | D        | Noticed Jessica
    42 | D        | Killed Jessica
    42 | D        | Reached skill level 1 in Fighting
    42 | D        | Reached skill level 5 in Stealth
    42 | D        | Reached XP level 2. HP: 4/14 MP: 2/8
    42 | D        | Reached XP level 3. HP: 5/18 MP: 2/9
    47 | D        | Learned a level 2 spell: Ensorcelled Hibernation
    51 | D        | Learned a level 3 spell: Confuse
    55 | D        | Learned a level 3 spell: Dazzling Spray
   134 | D        | Killed a yaktaur
   241 | D        | Killed a white draconian scorcher
   282 | D        | Reached skill level 6 in Stealth
   297 | D        | Reached skill level 1 in Armour
   297 | D        | Reached skill level 5 in Dodging
   316 | D        | Gained mutation: You tend to lose your temper in combat. [potion of mutation]
   316 | D        | Gained mutation: You can spit weak poison. [potion of mutation]
   317 | D        | Gained mutation: You have large cloven feet. [potion of mutation]
   318 | D        | Gained mutation: You possess an exceptional clarity of mind. [potion of mutation]
   318 | D        | Gained mutation: You are covered in fur (AC +1). [potion of mutation]
   377 | D        | Noticed a water elemental
   379 | D        | Killed a water elemental
   379 | D        | Reached skill level 7 in Stealth
   379 | D        | Reached skill level 5 in Spellcasting
   379 | D        | Reached skill level 1 in Conjurations
   379 | D        | Reached skill level 1 in Ice Magic
   379 | D        | Reached XP level 4. HP: 23/23 MP: 12/12
   384 | D        | Learned a level 3 spell: Tukima's Dance
   393 | D        | Noticed a shadow
   395 | D        | Killed a shadow
   395 | D        | Reached skill level 5 in Short Blades
   395 | D        | Reached skill level 9 in Stealth
   395 | D        | Reached skill level 5 in Hexes
   395 | D        | Reached XP level 5. HP: 27/27 MP: 13/15
   395 | D        | Reached XP level 6. HP: 32/32 MP: 13/16
   407 | D        | Killed a white draconian scorcher
   418 | D        | Found a stormy altar of Qazlal.
   419 | D        | Found a sacrificial altar of Ru.
   419 | D        | Found a burning altar of Makhleb.
   419 | D        | Found a viscous altar of Jiyva.
   419 | D        | Found a shimmering altar of Xom.
   419 | D        | Found a shadowy altar of Dithmenos.
   419 | D        | Found a sparkling altar of Nemelex Xobeh.
   419 | D        | Found a corrupted altar of Lugonu.
   419 | D        | Found an opulent altar of Gozag.
   419 | D        | Noticed a spatial vortex
   423 | D        | Became a worshipper of Dithmenos the Shadowed
   447 | D        | Killed a spatial vortex
   447 | D        | Reached skill level 1 in Invocations
   568 | D        | Found a radiant altar of Vehumet.
   569 | D        | Found a deep blue altar of Sif Muna.
   569 | D        | Found an ancient bone altar of Kikubaaqudgha.
   570 | D        | Reached skill level 10 in Stealth
   591 | D        | Learned a level 2 spell: Repel Missiles
   594 | D        | Learned a level 2 spell: Swiftness
   598 | D        | Learned a level 3 spell: Static Discharge
   606 | D        | Found a glowing silver altar of Zin.
   607 | D        | Found a glowing golden altar of the Shining One.
   607 | D        | Found a white marble altar of Elyvilon.
   607 | D        | Noticed a deep elf priest
   616 | D        | Killed a deep elf priest
   616 | D        | Reached * piety under Dithmenos
   616 | D        | Reached skill level 1 in Charms
   616 | D        | Reached skill level 1 in Air Magic
   616 | D        | Reached XP level 7. HP: 28/36 MP: 4/19
   740 | D        | Found an iron altar of Okawaru.
   741 | D        | Found a bloodstained altar of Trog.
   741 | D        | Noticed a human
   741 | D        | Noticed a human
   748 | D        | Killed a human
   748 | D        | Reached skill level 11 in Stealth
   753 | D        | Killed a human
   818 | D        | Found a snail-covered altar of Cheibriados.
   819 | D        | Found a basalt altar of Yredelemnul.
   819 | D        | Found a blossoming altar of Fedhas.
   820 | D        | Reached ** piety under Dithmenos
   820 | D        | Reached skill level 10 in Dodging
   820 | D        | Reached XP level 8. HP: 41/41 MP: 21/21
   836 | D        | Learned a level 5 spell: Lightning Bolt
   900 | D        | Noticed Josephine
   910 | D        | Killed Josephine
   910 | D        | Reached skill level 12 in Stealth
  1126 | D        | Noticed a centaur warrior
  1136 | D        | Killed a centaur warrior
  1136 | D        | Reached skill level 13 in Stealth
  1136 | D        | Reached skill level 10 in Spellcasting
  1136 | D        | Reached skill level 5 in Charms
  1136 | D        | Reached XP level 9. HP: 33/46 MP: 5/24
  1140 | D        | Reached *** piety under Dithmenos
  1250 | D        | Noticed an unseen horror
  1254 | D        | Killed an unseen horror
  1562 | D        | Reached **** piety under Dithmenos
  1692 | D        | Reached ***** piety under Dithmenos
  1914 | D        | Reached skill level 5 in Fighting
  1916 | D        | Reached skill level 10 in Short Blades
  1924 | D        | Reached XP level 10. HP: 42/51 MP: 13/26
  2091 | D        | Reached skill level 14 in Stealth
  2096 | D        | Reached ****** piety under Dithmenos
  2099 | D        | Reached skill level 5 in Ice Magic
  2503 | D        | Reached skill level 5 in Conjurations
  2559 | D        | Reached skill level 5 in Armour
  2574 | D        | Reached skill level 15 in Stealth
  2613 | D        | Noticed a lindwurm
  2616 | D        | Killed a lindwurm
  2618 | D        | Reached skill level 5 in Air Magic
  2625 | D        | Noticed Maud
  2635 | D        | Killed Maud
  2635 | D        | Reached XP level 11. HP: 23/56 MP: 22/28
  2823 | D        | Noticed a seven-headed hydra
  2823 | D        | Noticed a four-headed hydra
  2826 | D        | Killed a seven-headed hydra
  2828 | D        | Killed a four-headed hydra
  2828 | D        | Reached skill level 16 in Stealth
  3016 | D        | Noticed a death drake
  3018 | D        | Killed a death drake
  3028 | D        | Found a blossoming altar of Fedhas.
  3028 | D        | Noticed a spriggan druid
  3030 | D        | Killed a spriggan druid
  3030 | D        | Reached skill level 15 in Dodging
  3081 | D        | Reached skill level 10 in Hexes
  3085 | D        | Noticed a fire dragon
  3086 | D        | Found Yrood's Jewellery Emporium.
  3086 | D        | Found Ucih's Magic Scroll Shop.
  3086 | D        | Found Heehoer's Antique Weapon Shoppe.
  3087 | D        | Killed a fire dragon
  3188 | D        | Noticed a fire dragon
  3438 | D        | Killed a fire dragon
  3534 | D        | Noticed a seven-headed hydra
  3534 | D        | Noticed Xtahua
  3538 | D        | Killed Xtahua
  3538 | D        | Reached skill level 17 in Stealth
  3538 | D        | Reached skill level 10 in Charms
  3538 | D        | Reached XP level 12. HP: 51/62 MP: 19/30
  3540 | D        | Killed a seven-headed hydra
  3543 | D        | Got a decaying rune of Zot
  3710 | D        | Noticed Rupert
  3714 | D        | Killed Rupert
  3714 | D        | Reached skill level 18 in Stealth
  4217 | D        | Noticed an azure jelly
  4217 | D        | Noticed an azure jelly
  4293 | D        | Noticed a kraken
  4316 | D        | Reached skill level 15 in Spellcasting
  4539 | D        | Noticed an alligator snapping turtle
  4539 | D        | Found Jogeng Buta's Magic Scroll Shoppe.
  4539 | D        | Found Deqeneuni's Antique Weapon Boutique.
  4539 | D        | Found Fowkun's Jewellery Shop.
  4570 | D        | Killed a kraken
  4570 | D        | Reached skill level 19 in Stealth
  4701 | D        | Mangled by an alligator snapping turtle

Vault maps used:
D:        dungeon_sprint_mu

Action                   |  1- 3 |  4- 6 |  7- 9 | 10-12 || total
-------------------------+-------+-------+-------+-------++-------
Melee: Dagger            |    14 |    14 |     9 |       ||    37
       Short sword       |       |       |    41 |   112 ||   153
 Cast: Corona            |     2 |       |       |       ||     2
       Ensorcelled Hiber |     3 |     1 |    14 |    55 ||    73
       Dazzling Spray    |       |     9 |    14 |    37 ||    60
       Tukima's Dance    |       |     1 |       |     1 ||     2
       Repel Missiles    |       |       |     1 |       ||     1
       Static Discharge  |       |       |     6 |       ||     6
       Lightning Bolt    |       |       |     6 |     3 ||     9
       Confuse           |       |       |       |     2 ||     2
Invok: Shadow Step       |       |       |       |    12 ||    12
  Use: Potion            |     3 |     1 |     1 |       ||     5
       Scroll            |     3 |       |       |     1 ||     4
 Stab: Sleeping          |     6 |     4 |    13 |    52 ||    75
       Invisible         |       |       |     7 |     6 ||    13
       Confused          |       |       |       |     1 ||     1
  Eat: Bread ration      |       |       |     1 |       ||     1
